Map: Eternal Empire LE

Players

Rail - Winner!

  • Race: Protoss Protoss
  • League: Grandmaster
  • Spawn Location: 7:00

GOStephano (Stephano)

  • Race: Zerg Zerg
  • League: Grandmaster
  • Spawn Location: 1:00

Event: DreamHack SC2 Masters 2020 Summer Europe

VOD

Have the link to the VOD?

Description

Time

  • Played on: July 3, 2020, 12:25 p.m.
  • Length: 14:29

All games in this series

Show
View Real Time Build Order
Export as new Build Order

Rail Protoss - Winner!

Build Orders: Nexus First 

Get SALT Encoding   

  12  0:01  Probe  
  13  0:13  Probe  
  14  0:19  Pylon  
  14  0:25  Probe  
  15  0:33  Probe  
  15  0:41  Probe  
  17  0:51  Probe  
  18  1:01  Nexus  
  18  1:11  Gateway  
  18  1:14  Probe  
  19  1:19  Assimilator  
  19  1:26  Assimilator, Probe  
  20  1:35  Probe  
  20  1:36  Pylon  
  21  1:43  Probe  
  21  1:52  Probe  
  22  1:58  Cybernetics Core  
  23  2:01  Zealot  
  23  2:04  Probe  
  26  2:10  Probe  
  26  2:13  Probe  
  27  2:17  Gateway  
  27  2:18  Probe  
  27  2:21  Probe  
  29  2:28  Probe  
  30  2:31  Probe  
  30  2:35  Sentry  
  34  2:39  Robotics Facility  
  34  2:41  Probe  
  35  2:44  Probe  
  35  2:46  Warp Gate  
  36  2:52  Shield Battery  
  36  2:54  Probe  
  36  2:57  Probe  
  38  3:01  Stalker  
  40  3:06  Probe  
  40  3:07  Adept  
  40  3:10  Probe  
  44  3:14  Pylon  
  44  3:18  Probe  
  45  3:20  Pylon  
  45  3:23  Probe  
  45  3:26  Observer  
  46  3:29  Robotics Bay  
  46  3:32  Probe  
  48  3:35  Probe  
  48  3:38  Warp Prism  
  48  3:39  Assimilator  
  49  3:41  Assimilator  
  49  3:44  Probe  
  52  3:49  Probe  
  52  3:54  Pylon  
  53  3:57  Gravitic Drive, Probe  
  53  4:02  Probe  
  55  4:09  Probe  
  56  4:12  Disruptor, Pylon  
  56  4:15  Gateway  
  59  4:24  Gateway  
  59  4:29  Gateway  
  59  4:38  Zealot  
  61  4:40  Pylon  
  61  4:47  Gateway  
  61  4:49  Nexus  
  61  4:56  Zealot  
  61  4:59  Zealot  
  65  5:02  Shield Battery  
  65  5:04  Probe x2  
  65  5:06  Pylon  
  67  5:10  Sentry  
  67  5:14  Pylon  
  69  5:17  Probe  
  70  5:23  Stalker, Zealot x2  
  70  5:25  Zealot  
  78  5:29  Probe  
  79  5:35  Probe  
  79  5:40  Stalker, Zealot x2  
  86  5:42  Zealot  
  86  5:46  Stalker  
  90  5:50  Stalker  
  90  5:57  Probe  
  93  5:59  Probe  
  94  6:09  Probe  
  91  6:15  Stalker x2  
  91  6:16  Stalker x4  
  100  6:18  Probe  
  100  6:20  Probe  
  93  6:29  Probe  
  90  6:38  Probe x2  
  83  6:40  Disruptor  
  83  6:41  Probe  
  83  6:45  Adept x4  
  83  6:46  Adept x2  
  97  6:54  Probe x2  
  97  6:55  Probe  
  100  7:05  Assimilator  
  100  7:06  Assimilator, Probe x2  
  100  7:07  Probe  
  103  7:12  Gateway  
  103  7:15  Twilight Council  
  103  7:18  Forge, Probe  
  103  7:19  Protoss Ground Weapons Level 1  
  103  7:22  Sentry x5  
  114  7:27  Blink  
  114  7:29  Probe  
  115  7:35  Stalker  
  117  7:38  Pylon  
  117  7:39  Pylon x2  
  117  7:40  Pylon  
  117  7:44  Extended Thermal Lance  
  117  7:51  Colossus  
  123  8:02  Stalker  
  123  8:03  Stalker x2  
  129  8:06  Pylon x2  
  129  8:10  Sentry, Stalker  
  133  8:15  Nexus  
  133  8:16  Gateway  
  133  8:17  Pylon  
  133  8:30  Stalker x4, Colossus  
  133  8:31  Stalker  
  143  8:44  Stalker x2  
  143  8:46  Photon Cannon  
  153  8:58  Sentry, Stalker x2  
  153  8:59  Stalker x2  
  163  9:04  Unknown  
  163  9:06  Pylon  
  163  9:08  Pylon  
  163  9:10  Sentry, Stalker  
  163  9:16  Stalker  
  169  9:35  Probe x3  
  169  9:36  Sentry, Stalker x5  
  160  9:45  Sentry, Stalker  
  160  9:46  Disruptor  
  160  9:47  Probe x3  
  170  9:55  Probe  
  170  9:59  Probe x2  
  169  10:07  Probe  
  136  10:16  Stalker  
  136  10:17  Stalker x2  
  136  10:19  Probe  
  109  10:22  Probe  
  109  10:26  Stalker x5  
  109  10:27  Probe  
  105  10:36  Immortal  
  105  10:38  Probe  
  105  10:42  Sentry, Stalker x2  
  116  10:45  Probe x2  
  118  10:52  Stalker x4  
  118  10:55  Probe  
  127  11:02  Protoss Ground Weapons Level 2, Charge, Probe  
  128  11:13  Templar Archives  
  128  11:17  Sentry, Zealot  
  132  11:22  Shield Battery  
  132  11:24  Sentry, Zealot x2  
  138  11:26  Stalker x2  
  138  11:32  Stalker  
  144  11:45  Stalker x2  
  148  11:51  Gateway  
  148  11:53  Gateway, High Templar x2  
  152  11:54  Zealot  
  152  12:00  Archon  
  154  12:04  High Templar x2  
  158  12:11  Archon  
  158  12:12  Nexus  
  158  12:18  High Templar x2, Zealot x2  
  150  12:22  Archon  
  150  12:25  Probe  
  150  12:26  Probe  
  150  12:27  Stalker, Zealot  
  150  12:28  Immortal  
  150  12:29  Probe x2  
  151  12:37  High Templar x2  
  151  12:38  Probe x2  
  151  12:42  Probe  
  151  12:44  Observer, Zealot x2  
  160  12:45  Archon  
  160  12:49  Zealot x3, Probe  
  169  12:59  High Templar x2, Zealot  
  169  13:03  Archon  
  175  13:06  Zealot x2  
  175  13:08  Immortal  
  175  13:11  Stalker, Zealot x4  
  187  13:30  Stalker, Zealot x2  
  187  13:32  Stalker  
  187  13:33  Zealot x2  
  199  13:39  Probe x3  
  183  13:43  Probe  
  183  13:44  High Templar x2, Zealot x2  
  183  13:48  Archon  
  190  13:51  Probe x3  
  193  13:55  Probe  
  193  13:56  Stalker  
  193  13:57  Zealot x2  
  198  14:03  Probe x3  
  198  14:09  Zealot x2, Stalker, Probe  
  140  14:24  Stalker, Zealot x3  
Show
View Real Time Build Order
Export as new Build Order

GOStephano Zerg 

Build Orders: Hatch First 

Get SALT Encoding   

  12  0:00  Drone  
  13  0:12  Overlord  
  13  0:16  Drone  
  14  0:30  Drone x2  
  16  0:48  Hatchery  
  15  0:51  Drone  
  15  0:55  Drone  
  17  0:57  Drone  
  18  1:09  Extractor  
  17  1:13  Spawning Pool  
  17  1:17  Drone  
  17  1:20  Drone  
  18  1:28  Drone  
  19  1:38  Drone  
  20  1:49  Drone  
  21  1:59  Queen x2  
  25  2:01  Zergling x2  
  25  2:03  Drone  
  27  2:11  Drone  
  27  2:12  Overlord  
  28  2:28  Hatchery  
  28  2:29  Drone  
  28  2:32  Drone x3  
  31  2:39  Queen  
  31  2:44  Metabolic Boost  
  33  2:49  Overlord  
  33  2:57  Overlord  
  33  2:59  Drone  
  33  3:00  Drone  
  35  3:08  Drone x2  
  35  3:11  Drone x4  
  35  3:12  Drone  
  42  3:19  Queen  
  44  3:21  Drone  
  44  3:23  Drone  
  44  3:24  Drone  
  47  3:33  Roach Warren, Zergling x4  
  48  3:40  Drone  
  49  3:43  Drone  
  49  3:44  Queen  
  52  3:49  Drone, Spore Crawler  
  52  3:50  Drone x2  
  52  3:55  Drone x3  
  57  3:59  Overlord  
  57  4:00  Overlord  
  58  4:02  Drone  
  58  4:16  Overlord  
  58  4:18  Drone x2  
  58  4:20  Drone x3, Extractor  
  62  4:25  Overlord  
  62  4:30  Drone x2  
  64  4:32  Zergling x8  
  64  4:36  Overlord  
  64  4:38  Drone  
  68  4:40  Lair, Overlord  
  68  4:44  Evolution Chamber, Extractor  
  66  4:52  Spore Crawler  
  65  4:55  Drone x7  
  65  4:58  Hatchery  
  65  4:59  Drone x3  
  74  5:04  Drone  
  75  5:10  Zerg Melee Weapons Level 1  
  75  5:11  Drone x5  
  80  5:23  Drone x6  
  80  5:28  Roach x3  
  88  5:35  Overlord, Extractor x2  
  88  5:37  Roach x2  
  88  5:39  Queen x2  
  88  5:42  Spine Crawler  
  94  5:45  Roach x3, Spine Crawler  
  94  5:46  Spine Crawler  
  94  5:49  Ravager x3  
  101  5:50  Zergling x6  
  101  5:53  Overlord x2  
  104  6:00  Roach  
  101  6:05  Roach x3  
  101  6:11  Roach x5  
  101  6:14  Roach  
  101  6:18  Roach  
  102  6:23  Roach  
  102  6:24  Roach  
  102  6:25  Zergling x12  
  93  6:36  Roach x3  
  91  6:46  Queen x2  
  95  6:47  Zergling x6  
  95  6:53  Roach x4  
  106  6:55  Roach x3  
  111  7:10  Glial Reconstitution, Zerg Melee Weapons Level 2  
  111  7:14  Drone x2  
  113  7:18  Hatchery  
  113  7:19  Zergling x8  
  117  7:27  Ravager x3  
  120  7:32  Extractor  
  119  7:37  Drone x2  
  119  7:38  Hatchery  
  119  7:42  Drone x2  
  119  7:44  Overlord x3, Baneling Nest  
  117  7:56  Overlord  
  117  8:01  Drone x4  
  117  8:02  Hatchery  
  117  8:03  Overlord  
  117  8:04  Drone  
  117  8:05  Drone x3  
  124  8:19  Drone x7  
  131  8:22  Unknown  
  128  8:34  Overlord  
  128  8:39  Centrifical Hooks  
  128  8:41  Infestation Pit  
  127  8:43  Roach x5  
  137  8:49  Queen  
  137  8:53  Baneling  
  137  8:54  Baneling x5  
  139  8:55  Zergling x2  
  139  8:56  Zergling x18  
  149  9:04  Overseer  
  149  9:15  Overlord  
  149  9:17  Zergling x18  
  149  9:20  Baneling x22  
  149  9:21  Ravager  
  149  9:22  Ravager x2  
  161  9:24  Zergling x2  
  161  9:25  Zergling x6  
  163  9:33  Roach x5  
  167  9:40  Zergling x8  
  167  9:45  Roach x4  
  164  9:50  Baneling  
  164  9:51  Baneling x13  
  163  9:53  Zergling x8  
  163  9:56  Hive  
  163  9:59  Ravager x5  
  172  10:00  Roach  
  162  10:08  Hatchery  
  162  10:09  Roach x5  
  162  10:12  Roach x2  
  130  10:22  Roach x6  
  122  10:28  Zergling x10  
  122  10:29  Zergling x4  
  121  10:40  Ravager  
  121  10:41  Ravager x2, Zergling x8  
  121  10:42  Zergling x6  
  131  10:48  Baneling x8  
  131  10:50  Baneling  
  131  10:51  Baneling  
  131  10:52  Zergling x8  
  135  10:59  Baneling x4  
  135  11:00  Zergling x10  
  140  11:13  Hatchery  
  140  11:18  Zergling x10  
  143  11:31  Zergling x2  
  143  11:32  Zergling x18  
  153  11:34  Zerg Melee Weapons Level 3  
  153  11:35  Baneling  
  153  11:36  Baneling x9  
  153  11:39  Zergling x10  
  158  11:44  Baneling x4  
  158  11:50  Unknown  
  158  11:53  Zergling x12  
  163  12:02  Zergling x16  
  163  12:08  Baneling x13  
  170  12:12  Zergling x4  
  170  12:13  Zergling x8  
  160  12:26  Roach  
  160  12:27  Roach x5  
  167  12:40  Zergling x2  
  167  12:41  Zergling x6  
  167  12:43  Baneling x16  
  167  12:44  Baneling x9  
  171  12:50  Zergling x2  
  171  12:51  Zergling x10  
  177  12:57  Zergling x2  
  177  12:58  Hatchery, Zergling x8  
  179  13:09  Zergling x6  
  178  13:21  Zergling x8  
  164  13:27  Zergling x24  
  169  13:43  Baneling x17  
  169  13:44  Zergling x16  
  177  13:54  Zergling x4  
  177  13:55  Zergling x4  
  182  14:01  Overlord x2  
Tags
 
Add a new tag
Caveats
  • Supply blocks, unpowered buildings, or Contaminate may cause inaccurate times.
  • Supply counts are checked every 10 seconds.